 Dungeon Crawl Stone Soup version 0.22-a0-283-g1871b15 (webtiles) character file.

2926 sankara the Cleaver (level 9, 0/74 HPs)
             Began as a Hill Orc Fighter on Mar 19, 2018.
             Was a Priest of Okawaru.
             Slain by a killer bee (8 damage)
             ... on level 8 of the Dungeon.
             The game lasted 00:17:26 (5883 turns).

sankara the Cleaver (Hill Orc Fighter)              Turns: 5883, Time: 00:17:27

Health: 0/74       AC: 10    Str: 19    XL:     9   Next: 79%
Magic:  12/14      EV: 13    Int: 11    God:    Okawaru [***...]
Gold:   447        SH: 11    Dex: 16    Spells: 7/8 levels left

rFire    . . .     SeeInvis .   a - +0 war axe
rCold    . . .     Gourm    .   c - +0 shield
rNeg     + . .     Faith    .   t - +0 ring mail of Okawaru {rN+ Regen+ rCorr Dex+6}
rPois    .         Spirit   .   x - +0 helmet
rElec    .         Reflect  .   v - +1 cloak
rCorr    +         Harm     .   (no gloves)
MR       .....                  (no boots)
Stlth    ++........             (no amulet)
HPRegen  0.62/turn              (no ring)
MPRegen  0.14/turn              (no ring)

@: heroism
A: no striking features
a: Heroism, Renounce Religion


You were on level 8 of the Dungeon.
You worshipped Okawaru.
Okawaru was most pleased with you.
You were not hungry.

You visited 2 branches of the dungeon, and saw 9 of its levels.

You collected 447 gold pieces.

Inventory:

Hand Weapons
 a - a +0 war axe (weapon)
 y - a cursed -3 battleaxe
   (You took it off an orc warrior on level 7 of the Dungeon)
Missiles
 k - 224 stones (quivered)
 o - 54 sling bullets
 C - 3 tomahawks
 F - 2 throwing nets {=f, !d}
Armour
 c - a +0 shield (worn)
 t - the +0 ring mail of Okawaru (worn) {rN+ Regen+ rCorr Dex+6}
   (You found it on level 4 of the Dungeon)

   It affects your dexterity (+6).
   It protects you from negative energy.
   It increases your rate of regeneration.
   It protects you from acid and corrosion.
 v - a +1 cloak (worn)
   (You found it on level 4 of the Dungeon)
 x - a +0 helmet (worn)
   (You took it off Robin on level 4 of the Dungeon)
Jewellery
 u - an uncursed ring of teleportation {+/*tele, !d}
   (You found it on level 4 of the Dungeon)
Wands
 g - a wand of random effects (87)
   (You found it on level 6 of the Dungeon)
 r - a wand of disintegration (12)
   (You found it on level 4 of the Dungeon)
 w - a wand of digging (11)
   (You found it on level 4 of the Dungeon)
 z - a wand of paralysis (12)
   (You found it on level 5 of the Dungeon)
 A - a wand of polymorph (15)
   (You took it off a crimson imp on level 5 of the Dungeon)
Scrolls
 i - 4 scrolls of identify
 j - 4 scrolls of fog
 n - 2 scrolls of enchant weapon {unknown}
 p - 2 scrolls of enchant armour {unknown}
 q - 2 scrolls of magic mapping {unknown}
 s - 2 scrolls of immolation {unknown}
 B - a scroll of blinking {unknown}
Potions
 b - a potion of mutation {unknown}
 d - a potion of might
 e - 2 potions of degeneration {unknown}
 h - a potion of curing
 l - 2 potions of flight {unknown}
 m - 2 potions of agility
 D - a potion of invisibility {unknown}
 E - 2 potions of ambrosia {unknown}
 G - a potion of heal wounds {unknown}
Comestibles
 f - 18 rations
 H - 2 chunks of flesh {@w0}


   Skills:
 + Level 5.4(10.4) Fighting
 * Level 14.0(19.0) Axes
 + Level 2.8(7.8) Throwing
 - Level 3.2(8.2) Armour
 - Level 3.2(8.2) Shields
 + Level 6.7 Invocations


You had 7 spell levels left.
You knew the following spells:

 Your Spells              Type           Power        Failure   Level  Hunger
a - Apportation           Tloc           #.....       80%         1    ##.....


Dungeon Overview and Level Annotations

Branches:
Dungeon (8/15)             Temple (1/1) D:6
   Lair: D:8-11

Altars:
Ashenzari
Cheibriados
Dithmenos
Elyvilon
Fedhas
Gozag
Hepliaklqana
Kikubaaqudgha
Makhleb
Nemelex Xobeh
Okawaru
Qazlal
Ru
Sif Muna
Trog
Uskayaw
Vehumet
Wu Jian
Xom
Yredelemnul
Zin
The Shining One

Shops:
D:6 (


Message History

f - 18 rations (gained 1) Eating one of 4 chunks of flesh {@w0}.
You eat one of the 4 chunks of flesh {@w0}.
This raw flesh tastes terrible.
You are feeling hungry.
Eating one of 3 chunks of flesh {@w0}.
You eat one of the 3 chunks of flesh {@w0}.
This raw flesh tastes terrible.
A killer bee comes into view.
The killer bee buzzes angrily.
You hear an angry buzzing noise.
A killer bee comes into view.
There are monsters nearby!
A killer bee comes into view.
The killer bee stings you. 2 killer bees come into view.
You miss the killer bee.
The killer bee buzzes angrily. x2
The killer bee stings you!
The killer bee stings you but does no damage.
You miss the killer bee. You block the killer bee's attack.
You miss the killer bee. You block the killer bee's attack.
The killer bee misses you. You block the killer bee's attack.
You miss the killer bee. You barely miss the killer bee.
You block the killer bee's attack. x2
You miss the killer bee. x3; The killer bee stings you.
You are poisoned.
The killer bee poisons you! You block the killer bee's attack.
The killer bee stings you! You block the killer bee's attack.
The killer bee stings you.
You are too injured to fight recklessly!
You are too injured to fight recklessly!
You are too injured to fight recklessly!
You feel sick. The killer bee stings you. x2
You are more poisoned.
The killer bee poisons you! You block the killer bee's attack.
You feel sick. The killer bee barely misses you.
You block the killer bee's attack.
You feel sick. You block the killer bee's attack. x2
The killer bee stings you but does no damage.
You feel sick. The killer bee closely misses you.
You block the killer bee's attack.
The killer bee stings you but does no damage.
The killer bee barely misses you.
The killer bee stings you but does no damage.
You feel sick. You block the killer bee's attack. The killer bee stings you!
The killer bee stings you. You block the killer bee's attack.
You feel sick. You block the killer bee's attack. The killer bee stings you.
You feel sick. The killer bee closely misses you.
You block the killer bee's attack.
You feel sick. The killer bee closely misses you.
The killer bee stings you but does no damage.
The killer bee stings you.
* * * LOW HITPOINT WARNING * * *
You are more poisoned.
The killer bee poisons you!
You feel sick.
The killer bee stings you but does no damage.
You feel sick.
You feel sick. You block the killer bee's attack.
You feel sick. The killer bee barely misses you.
You gain the combat prowess of a mighty hero.
You feel sick. The killer bee stings you.
* * * LOW HITPOINT WARNING * * *
The killer bee stings you but does no damage.
You are too injured to fight recklessly!
You are too injured to fight recklessly!
You are too injured to fight recklessly!
You slash the killer bee!
The killer bee is severely wounded.
You feel sick. You block the killer bee's attack.
You closely miss the killer bee.
The killer bee is severely wounded.
You feel sick. The killer bee stings you.
* * * LOW HITPOINT WARNING * * *
The killer bee barely misses you.
You slash the killer bee!
You kill the killer bee!
Okawaru accepts your kill. Something appears at your feet!
Okawaru grants you ammunition!
You feel sick. The killer bee completely misses you.
You hit the killer bee.
The killer bee is heavily wounded.
You block the killer bee's attack. The killer bee barely misses you.
You closely miss the killer bee.
The killer bee is heavily wounded.
You feel sick. The killer bee stings you.
* * * LOW HITPOINT WARNING * * *
You are lethally poisoned!
The killer bee poisons you!
You closely miss the killer bee.
The killer bee is heavily wounded.
* * * LOW HITPOINT WARNING * * *
You feel sick. The killer bee stings you.
* * * LOW HITPOINT WARNING * * *
You are more poisoned.
The killer bee poisons you! You block the killer bee's attack.
It was a potion of curing.
You feel better. You block the killer bee's attack. The killer bee stings you!
You die...

#.......#...# #.....#
#...........# #.....#
#...........# #.....#
###.####....# ##.>...##
#........## ####y......#
#..#####.####y..y......#
#.....##....#y#).......#
########....#y#........####
########....#@######......#
#.............................
###.###.(.......######......####
#..>..+............ ?.........
#.#####.....#######............
#.# #.....# #.##..(....... #.#
####### #. ##......... #.#
#.##...... #.#############


You could see 3 killer bees.

Vanquished Creatures
  A hippogriff (D:7)
  Sigmund (D:4)
  A spriggan (D:7)
  Menkaure (D:7)
  Edmund (D:6)
  2 orc warriors
  A sky beast (D:7)
  5 ogres
  2 centaurs (D:7)
  A big kobold (D:8)
  2 bullfrogs (D:7)
  A killer bee (D:8)
  4 scorpions
  A howler monkey (D:4)
  A centaur zombie (D:4)
  A bullfrog zombie (D:8)
  4 crimson imps
  2 hounds
  A quasit (D:6)
  An orc priest (D:8)
  3 orc wizards
  2 bullfrog skeletons
  An iguana (D:4)
  5 worker ants
  Robin (D:4)
  11 gnolls
  A howler monkey skeleton (D:6)
  5 adders
  A shadow imp (D:5)
  5 worms
  2 adder skeletons (D:4)
  4 dart slugs
  4 leopard geckos
  17 orcs
  A ball python (D:1)
  10 bats
  5 giant cockroaches
  14 goblins
  8 hobgoblins
  20 jackals
  10 kobolds
  A quokka (D:4)
  3 frilled lizards
  A leopard gecko zombie (D:7)
  2 quokka skeletons
  10 rats
181 creatures vanquished.

Notes
Turn   | Place    | Note
-------+----------+-------------------------------------------
     0 | D:1      | sankara the Hill Orc Fighter began the quest for the Orb.
     0 | D:1      | Reached XP level 1. HP: 19/19 MP: 1/1
    21 | D:1      | Reached skill level 3 in Axes
   123 | D:1      | Reached XP level 2. HP: 23/26 MP: 2/2
   236 | D:1      | Reached skill level 4 in Axes
   311 | D:1      | Reached XP level 3. HP: 21/31 MP: 3/3
   919 | D:2      | Reached skill level 5 in Axes
  1105 | D:2      | Reached XP level 4. HP: 33/39 MP: 4/4
  1423 | D:3      | Found an iron altar of Okawaru.
  1450 | D:3      | Reached skill level 6 in Axes
  1486 | D:3      | HP: 7/39 [gnoll/spear (6)]
  1488 | D:3      | Reached XP level 5. HP: 8/45 MP: 5/5
  1498 | D:3      | Became a worshipper of Warmaster Okawaru
  2168 | D:4      | Reached skill level 7 in Axes
  2168 | D:4      | Reached skill level 1 in Invocations
  2191 | D:4      | Found a shattered altar of Ashenzari.
  2192 | D:4      | Found a burning altar of Makhleb.
  2209 | D:4      | Found a sparkling altar of Nemelex Xobeh.
  2209 | D:4      | Found an ornate altar of the Wu Jian Council.
  2209 | D:4      | Found an iron altar of Okawaru.
  2369 | D:4      | Reached skill level 2 in Invocations
  2369 | D:4      | Reached XP level 6. HP: 51/51 MP: 7/7
  2438 | D:4      | Got a fine ring mail
  2456 | D:4      | Identified the +0 ring mail of Okawaru {rN+ Regen+ rCorr Dex+6} (You found it on level 4 of the Dungeon)
  2488 | D:4      | Noticed Sigmund
  2506 | D:4      | Killed Sigmund
  2506 | D:4      | Reached * piety under Okawaru
  2506 | D:4      | Reached skill level 8 in Axes
  2506 | D:4      | Reached skill level 3 in Invocations
  2568 | D:4      | Reached XP level 7. HP: 48/57 MP: 9/9
  2590 | D:4      | Reached skill level 9 in Axes
  2622 | D:4      | Reached skill level 4 in Invocations
  2666 | D:4      | Noticed Robin
  2736 | D:4      | Killed Robin
  3083 | D:5      | Entered Level 5 of the Dungeon
  3107 | D:5      | Reached skill level 10 in Axes
  3107 | D:5      | Reached skill level 5 in Invocations
  3160 | D:5      | Reached ** piety under Okawaru
  3160 | D:5      | Reached XP level 8. HP: 31/64 MP: 11/11
  3418 | D:5      | Found a hide-covered altar of Uskayaw.
  3419 | D:5      | Noticed a hand axe
  3419 | D:5      | Noticed a hand axe
  3546 | D:5      | Found a shimmering altar of Xom.
  3821 | D:6      | Noticed Edmund
  3832 | D:6      | Killed Edmund
  3832 | D:6      | Reached skill level 11 in Axes
  3843 | D:6      | Found Ritzy's Weapon Boutique.
  3913 | D:6      | Found a staircase to the Ecumenical Temple.
  3935 | Temple   | Entered the Ecumenical Temple
  4282 | D:6      | Found a white marble altar of Elyvilon.
  4355 | D:6      | Found a bloodstained altar of Trog.
  4358 | D:6      | Learned a level 1 spell: Apportation
  4455 | D:6      | Reached skill level 12 in Axes
  4565 | D:7      | Noticed a hippogriff
  4581 | D:7      | Killed a hippogriff
  4673 | D:7      | Reached skill level 13 in Axes
  4673 | D:7      | Reached XP level 9. HP: 37/71 MP: 12/12
  4902 | D:7      | Reached skill level 4 in Fighting
  4902 | D:7      | Reached skill level 1 in Throwing
  4939 | D:7      | Found a deep blue altar of Sif Muna.
  4939 | D:7      | Found a stormy altar of Qazlal.
  4939 | D:7      | Found an ancient bone altar of Kikubaaqudgha.
  4969 | D:7      | Reached *** piety under Okawaru
  5027 | D:7      | Found a glowing silver altar of Zin.
  5050 | D:7      | Noticed Menkaure
  5074 | D:7      | Killed Menkaure
  5110 | D:7      | Reached skill level 6 in Invocations
  5151 | D:7      | Reached skill level 2 in Throwing
  5489 | D:7      | Reached skill level 5 in Fighting
  5828 | D:8      | Reached skill level 14 in Axes
  5876 | D:8      | HP: 18/74 [poisoned by a killer bee]
  5879 | D:8      | Received a gift from Okawaru
  5881 | D:8      | HP: 9/74 [poisoned by a killer bee]
  5882 | D:8      | HP: 4/74 [poisoned by a killer bee]
  5882 | D:8      | HP: 1/74 [killer bee (3)]
  5883 | D:8      | Slain by a killer bee

Vault maps used:
D:1:      saegor_arrival_miasma, serial_park_tiny_2, columned_hall_lemuel,
          hangedman_decor_points, interstate_on_off
D:2:      first_ration
D:3:      okawaru_trees_2
D:4:      minmay_wonky_spiral, minitemple, minmay_curled_crystal,
          hangedman_decor_push, uniq_robin, uniq_sigmund
D:5:      dancing_weapons_uskayaw, basic_altar
D:6:      nicolae_overflow_crystal_walls, temple_doors_e, serial_shops,
          nicolae_shop_stone, elyvilon_altar_1, uniq_edmund
D:7:      gammafunk_temple_overflow_forgotten, the_bakery, lemuel_statue_altar,
          uniq_menkaure
D:8:      kennysheep_generic_room_16
Temple:   minmay_temple_bridge_abc

Skill      XL: |  1  2  3  4  5  6  7  8  9 |
---------------+----------------------------+-----
Axes           | 3 4 5 6 7 8 10 13 14 | 14.0
Invocations    | 2 3 5 6 |  6.7
Fighting       | 5 |  5.4
Throwing       | 2 |  2.8
Armour         | |  3.2
Shields        | |  3.2

Action                   |  1- 3 |  4- 6 |  7- 9 || total
-------------------------+-------+-------+-------++-------
Melee: War axe           |   101 |   128 |   392 ||   621
       Unarmed           |       |       |     3 ||     3
Invok: Heroism           |       |       |     3 ||     3
Evoke: Wand              |       |       |     3 ||     3
  Use: Scroll            |       |       |     4 ||     4
       Potion            |       |       |     1 ||     1
 Stab: Paralysed         |       |       |     3 ||     3
  Eat: Chunk             |     1 |     5 |    11 ||    17
Armor: Scale mail        |    53 |    40 |       ||    93
       Ring mail         |       |     1 |   141 ||   142
Dodge: Dodged            |    38 |    34 |   112 ||   184
Block: Shield            |    60 |    66 |   190 ||   316

Table legend:
 A = Spawn XP
 B = Non-spawn XP
 C = Spawn XP percentage of total XP
 D = Spawn monster count
 E = Non-spawn monster count
 F = Spawn count percentage of total count
 G = Total turns spent on level
                    A         B        C        D         E        F      G
               +---------+---------+-------+---------+---------+-------+---------
         Total |       0 |    4181 |   0.0 |       0 |     181 |   0.0 |  5883
               +---------+---------+-------+---------+---------+-------+---------
           D:1 |       0 |      39 |   0.0 |       0 |      23 |   0.0 |   666
           D:2 |       0 |      53 |   0.0 |       0 |      17 |   0.0 |   565
           D:3 |       0 |     105 |   0.0 |       0 |      28 |   0.0 |   931
           D:4 |       0 |     816 |   0.0 |       0 |      35 |   0.0 |   921
           D:5 |       0 |     372 |   0.0 |       0 |      13 |   0.0 |   731
           D:6 |       0 |     449 |   0.0 |       0 |      16 |   0.0 |   554
           D:7 |       0 |    1758 |   0.0 |       0 |      33 |   0.0 |   965
           D:8 |       0 |     589 |   0.0 |       0 |      16 |   0.0 |   342
               +---------+---------+-------+---------+---------+-------+---------

Vault maps used:
D:1:      saegor_arrival_miasma, serial_park_tiny_2, columned_hall_lemuel,
          hangedman_decor_points, interstate_on_off
D:2:      first_ration
D:3:      okawaru_trees_2
D:4:      minmay_wonky_spiral, minitemple, minmay_curled_crystal,
          hangedman_decor_push, uniq_robin, uniq_sigmund
D:5:      dancing_weapons_uskayaw, basic_altar
D:6:      nicolae_overflow_crystal_walls, temple_doors_e, serial_shops,
          nicolae_shop_stone, elyvilon_altar_1, uniq_edmund
D:7:      gammafunk_temple_overflow_forgotten, the_bakery, lemuel_statue_altar,
          uniq_menkaure
D:8:      kennysheep_generic_room_16
Temple:   minmay_temple_bridge_abc

Table legend:
 A = Turns spent in this place as a percentage of turns spent in the entire game.
 B = Non-inter-level travel turns spent in this place as a percentage of non-inter-level travel turns spent in the entire game.
 C = Inter-level travel turns spent in this place as a percentage of turns spent in this place.
 D = Turns resting spent in this place as a percentage of non-inter-level travel turns spent in this place.
 E = Turns spent auto-exploring this place as a percentage of non-inter-level travel turns spent in this place.
 F = Non-inter-level travel turns spent in this place divided by the number of levels of this place that you've seen.
                   A       B       C       D       E      F
               +-------+-------+-------+-------+-------+----------------------
         Total | 100.0 | 100.0 |   1.9 |  11.6 |  63.0 | 641.4
       Dungeon |  96.5 |  96.8 |   1.5 |  11.9 |  61.8 | 698.5
        Temple |   3.5 |   3.2 |  11.1 |   0.0 |  98.9 | 185.0
               +-------+-------+-------+-------+-------+----------------------

Table legend:
 A = Kills in this place as a percentage of kills in entire the game.
 B = Kills by you in this place as a percentage of kills by you in the entire game.
 C = Kills by friends in this place as a percentage of kills by friends in the entire game.
 D = Other kills in this place as a percentage of other kills in the entire game.
 E = Experience gained in this place as a percentage of experience gained in the entire game.
 F = Experience gained in this place divided by the number of levels of this place that you have seen.
                   A       B       C       D       E      F
               +-------+-------+-------+-------+-------+----------------------
         Total | 100.0 | 100.0 |   N/A |   N/A | 100.0 | 464.6
       Dungeon | 100.0 | 100.0 |   N/A |   N/A | 100.0 | 522.6
               +-------+-------+-------+-------+-------+----------------------
